 Dungeon Crawl Stone Soup version 0.29.0-11-gd7f09526c8 (webtiles) character file.

Game seed: 13815471444741916921

7654 runemasterragnar the Destroyer (level 10, -12/92 HPs)
             Began as a Yellow Draconian Transmuter on Sept 5, 2022.
             Was an Elder of Vehumet.
             Mangled by a polar bear (24 damage)
             ... on level 10 of the Dungeon on Sept 6, 2022.
             The game lasted 00:31:39 (13197 turns).

runemasterragnar the Destroyer (DrTm)              Turns: 13197, Time: 00:31:40

Health: -12/92     AC:  7    Str: 13    XL:     10   Next: 99%
Magic:  20/20      EV: 10    Int: 18    God:    Vehumet [****..]
Gold:   256        SH:  0    Dex: 11    Spells: 3/23 levels left

rFire   x . .      SeeInvis .     - Unarmed
rCold   + + +      Faith    +   (shield currently unavailable)
rNeg    . . .      Spirit   .   (body armour unavailable)
rPois   +          Reflect  .   (helmet currently unavailable)
rElec   .          Harm     .   (cloak currently unavailable)
rCorr   .          Rampage  .   (gloves currently unavailable)
Will    +....                   (boots currently unavailable)
Stlth   +.........              B - amulet of faith
HPRegen 0.25/turn               p - ring of willpower
MPRegen 0.17/turn               G - ring of poison resistance

@: ice-form
A: freezing attack, amphibious, boosted hp, (spit acid), AC +7, large, unfitting
armour, (cold-blooded), (acid resistance), mutation resistance 1
a: End Transformation, Renounce Religion


You were on level 10 of the Dungeon.
You worshipped Vehumet.
Vehumet was greatly pleased with you.
You were a creature of crystalline ice.
You visited 2 branches of the dungeon, and saw 11 of its levels.
You also visited: Bailey.

You collected 556 gold pieces.
You spent 300 gold pieces at shops.

Inventory:

Armour
 h - a +0 cloak (melded)
Magical Staves
 D - a staff of conjuration
Jewellery
 f - a ring of ice
 k - a ring of wizardry
 p - a ring of willpower (left front paw)
 s - a ring of willpower
 v - a ring of protection from fire
 B - an amulet of faith (around neck)
 G - a ring of poison resistance (right front paw)
Wands
 b - a wand of mindburst (1)
 e - a wand of digging (4)
 r - a wand of roots (2)
 A - a wand of flame (7)
 I - a wand of polymorph (6)
Scrolls
 m - 2 scrolls of magic mapping
 n - a scroll of silence
 o - a scroll of amnesia
 q - a scroll of brand weapon
 u - 3 scrolls of teleportation
 x - 2 scrolls of fear
 y - a scroll of enchant armour
Potions
 a - 2 potions of lignification
 c - 4 potions of invisibility
 d - 9 potions of haste
 g - a potion of heal wounds
 i - 2 potions of mutation
 j - 5 potions of brilliance
 l - a potion of ambrosia {unknown}
 z - 2 potions of might
 C - a potion of experience {unknown}
 E - 2 potions of resistance
 F - a potion of cancellation {unknown}
 H - 2 potions of magic


   Skills:
 - Level 3.2 Fighting
 - Level 3.3 Dodging
 - Level 4.2 Unarmed Combat
 + Level 7.2 Spellcasting
 * Level 9.8 Conjurations
 * Level 2.1 Translocations
 - Level 7.6 Transmutations
 - Level 4.5 Air Magic
 - Level 2.9 Poison Magic
 + Level 3.4 Evocations


You had 3 spell levels left.
You knew the following spells:

 Your Spells              Type           Power      Damage    Failure   Level
a - Beastly Appendage     Tmut           66%        N/A       1%          1
b - Wereblood             Tmut           33%        N/A       1%          2
c - Spider Form           Tmut/Pois      25%        N/A       3%          3
d - Magic Dart            Conj           100%       1d8       1%          1
e - Mephitic Cloud        Conj/Pois/Air  27%        N/A       1%          3
f - Static Discharge      Conj/Air       32%        3-7/arc   1%          2
g - Iskenderun's Mystic   Conj/Tloc      28%        2d7       2%          4
h - Ice Form              Ice/Tmut       20%        N/A       22%         4

Your spell library contained the following spells:

 Spells                   Type           Power      Damage    Failure   Level
 Necrotise                Necr           24%        1d5       11%         1
 Call Imp                 Summ           6%         N/A       16%         2
 Sublimation of Blood     Necr           6%         N/A       16%         2
 Portal Projectile        Hex/Tloc       20%        N/A       21%         3
 Call Canine Familiar     Summ           6%         N/A       32%         3
 Vampiric Draining        Necr           6%         2d6       32%         3
 Leda's Liquefaction      Hex/Erth       3%         N/A       71%         4
 Agony                    Necr           6%         N/A       96%         5
 Summon Hydra             Summ           3%         N/A       100%        7


Dungeon Overview and Level Annotations

Branches:
Dungeon (10/15)            Temple (0/1) D:4            Lair (1/5) D:10
 Bailey (visited)
    Orc: D:9-12

Altars:
Cheibriados
Dithmenos
Elyvilon
Gozag
Hepliaklqana
Kikubaaqudgha
Makhleb
Nemelex Xobeh
Okawaru
Qazlal
Sif Muna
Uskayaw
Vehumet
Wu Jian
Yredelemnul

Shops:
D:7 =

Annotations:
D:9 1 exclusion


Innate Abilities, Weirdness & Mutations

You are a creature of crystalline ice.
You have a powerful freezing melee attack.
You are amphibious.
Your maximum health is increased.
Your armour is entirely melded.
You are incapable of wielding weapons or throwing items.
((You can spit globs of acid.))
((Your golden yellow scales are hard. (AC +7)))
You cannot fit into any form of body armour.
((You are cold-blooded and may be slowed by cold attacks.))
((You are resistant to acid. (rCorr)))
You are somewhat resistant to further mutation.


Message History

You hit the polar bear but do no damage.
The polar bear is heavily wounded.
The polar bear closely misses you. The polar bear barely misses you.
The polar bear claws you but does no damage.
You punch the polar bear! You freeze the polar bear.
The polar bear is severely wounded.
The polar bear barely misses you.
The polar bear claws you but does no damage. x2
You hit the polar bear but do no damage.
The polar bear is severely wounded.
The polar bear goes berserk!
You barely miss the polar bear.
The polar bear is severely wounded.
The polar bear bites you!!
The polar bear claws you but does no damage. x2
You punch the polar bear!
The polar bear is almost dead.
The polar bear closely misses you. The polar bear claws you.
* * * LOW HITPOINT WARNING * * *
The polar bear misses you. The polar bear bites you.
* * * LOW HITPOINT WARNING * * *
The polar bear claws you.
* * * LOW HITPOINT WARNING * * *
The polar bear claws you but does no damage.
Unknown command.
Unknown command.
Okay, then.
You can't see any enemies this would affect, really read the scroll of fear?
Okay, then.
You feel much better. The polar bear barely misses you. x2
The polar bear claws you but does no damage.
You hit the polar bear. You freeze the polar bear.
The polar bear is almost dead.
The polar bear bites you!!
* * * LOW HITPOINT WARNING * * *
The polar bear claws you.
* * * LOW HITPOINT WARNING * * *
The polar bear claws you but does no damage.
The polar bear bites you!!
You die...

#P...P.Y...
#P.....P.P...## #..
##........P..... #.#
#.P.P........... #.#
#................ #.#
#.................#####.#
#.......................#
#P.......h.......##>....#
#........Y.....P.##.....##
#P.........P.....##.......
#...................######
#................#..#
#..............#..##
#................##
#.............#.##
#..P..........#.#
#.#..........#..#


You could see a polar bear (berserk).

Vanquished Creatures
  2 two-headed ogres
  A manticore (D:9)
  An orc knight (Bailey)
  A rime drake (Lair:1)
  A hornet (D:10)
  A vampire (D:10)
  A wyvern (D:7)
  A wraith (D:10)
  3 yaks
  Grum (D:8)
  A steam dragon (D:8)
  3 vampire mosquitoes (D:10)
  2 water moccasins (D:10)
  3 black bears
  2 ice beasts (D:8)
  A sky beast (D:6)
  2 wolves (D:8)
  4 centaurs
  An ogre (D:5)
  A kobold brigand (D:8)
  6 bullfrogs
  A necrophage (D:7)
  4 scorpions
  3 wights (D:9)
  12 killer bees
  A jelly (D:5)
  6 hounds
  3 orc priests
  3 iguanas
  7 orc wizards
  A statue (D:3)
  14 gnolls
  8 adders
  A white imp (D:6)
  An ufetubus (D:6)
  3 worms
  38 orcs
  3 ball pythons
  2 endoplasms
  4 giant cockroaches
  9 goblins
  8 hobgoblins
  10 kobolds
  6 quokkas
  A bat (D:3)
  2 frilled lizards (D:3)
  5 rats
195 creatures vanquished.

Vanquished Creatures (collateral kills)
  A killer bee (D:10)
1 creature vanquished.

Vanquished Creatures (others)
  A bush (D:10)
  37 fungi (D:10)
  58 plants (D:10)
96 creatures vanquished.

Grand Total: 292 creatures vanquished

Notes
Turn   | Place    | Note
-------+----------+-------------------------------------------
     0 | D:1      | runemasterragnar the Draconian Transmuter began the quest
                  | for the Orb.
     0 | D:1      | Reached XP level 1. HP: 16/16 MP: 3/3
     0 | D:1      | Noticed a large abomination
     0 | D:1      | Noticed an iron dragon
     3 | D:1      | Noticed a large abomination
     5 | D:1      | Noticed an iron dragon
     8 | D:1      | Noticed a large abomination
     9 | D:1      | Noticed a large abomination
    11 | D:1      | Noticed a tentacled monstrosity
    13 | D:1      | Noticed an iron dragon
    15 | D:1      | Noticed an iron dragon
    17 | D:1      | Noticed a tentacled monstrosity
    17 | D:1      | Noticed an iron dragon
    17 | D:1      | Noticed a tentacled monstrosity
    19 | D:1      | Noticed an iron dragon
   320 | D:1      | Reached XP level 2. HP: 22/23 MP: 3/5
   323 | D:1      | Learned a level 2 spell: Wereblood
  1147 | D:2      | Reached XP level 3. HP: 28/28 MP: 4/6
  1233 | D:2      | Learned a level 3 spell: Spider Form
  1797 | D:3      | Found a faded altar of an unknown god.
  2332 | D:3      | Reached XP level 4. HP: 36/36 MP: 5/7
  2417 | D:3      | Found a radiant altar of Vehumet.
  2420 | D:3      | Noticed a frost-covered statue
  2525 | D:3      | Became a worshipper of Vehumet
  2535 | D:3      | Killed a frost-covered statue
  2661 | D:3      | Identified the +0 ring mail "Unwealud" {*Slow rF+ rC+
                  | Str+4}
  3245 | D:4      | Reached XP level 5. HP: 5/41 MP: 4/8
  3529 | D:4      | Learned a level 1 spell: Magic Dart
  3561 | D:4      | Noticed an ogre
  3606 | D:4      | Found an opulent altar of Gozag.
  3706 | D:4      | Found a staircase to the Ecumenical Temple.
  3740 | D:4      | Reached XP level 6. HP: 46/50 MP: 7/10
  4162 | D:4      | Reached * piety under Vehumet
  4162 | D:4      | Offered knowledge of Shock by Vehumet.
  4184 | D:4      | Found a white marble altar of Elyvilon.
  4282 | D:5      | Entered Level 5 of the Dungeon
  4421 | D:5      | Your scales start taking on a golden yellow colour.
  4421 | D:5      | Reached XP level 7. HP: 19/57 MP: 6/11
  4421 | D:5      | Gained mutation: You are resistant to acid. (rCorr) [Yellow
                  | Draconian growth]
  4620 | D:5      | Found a snail-covered altar of Cheibriados.
  4805 | D:5      | Identified the +5 mace of the Desert {holy, Fly Int-2
                  | Dex+3}
  4910 | D:5      | Found a basalt altar of Yredelemnul.
  4910 | D:5      | Found an ancient bone altar of Kikubaaqudgha.
  4918 | D:5      | Found a sparkling altar of Nemelex Xobeh.
  4920 | D:5      | Found a hide-covered altar of Uskayaw.
  4922 | D:5      | Found an ornate altar of the Wu Jian Council.
  5129 | D:5      | Reached skill level 1 in Conjurations
  5475 | D:6      | Reached skill level 5 in Transmutations
  5609 | D:6      | Reached skill level 2 in Conjurations
  5756 | D:6      | Noticed a shadow
  5757 | D:6      | Found a shadowy altar of Dithmenos.
  5760 | D:6      | Found a hazy altar of Hepliaklqana.
  5858 | D:6      | Found a shimmering blue altar of Sif Muna.
  6219 | D:7      | Reached skill level 3 in Conjurations
  6232 | D:7      | Reached XP level 8. HP: 63/63 MP: 12/14
  6254 | D:7      | Reached skill level 4 in Conjurations
  6660 | D:7      | Found Godute's Jewellery Emporium.
  6777 | D:7      | Reached skill level 5 in Conjurations
  6801 | D:7      | HP: 1/94 [wyvern (9)]
  6804 | D:7      | Offered knowledge of Scorch by Vehumet.
  6805 | D:7      | Reached skill level 5 in Spellcasting
  7424 | D:7      | Bought a ring of poison resistance for 300 gold pieces
  7564 | D:7      | Reached ** piety under Vehumet
  7832 | D:8      | Reached skill level 6 in Conjurations
  7993 | D:8      | Reached XP level 9. HP: 70/70 MP: 12/16
  7997 | D:8      | Learned a level 3 spell: Mephitic Cloud
  8026 | D:8      | Noticed Grum
  8054 | D:8      | Killed Grum
  8315 | D:8      | Gained mutation: You sometimes lose your temper in combat.
                  | [potion of mutation]
  8315 | D:8      | Gained mutation: You have an increased reservoir of magic.
                  | (+10% MP) [potion of mutation]
  8316 | D:8      | Lost mutation: You sometimes lose your temper in combat.
                  | [potion of mutation]
  8316 | D:8      | Lost mutation: You have an increased reservoir of magic.
                  | (+10% MP) [potion of mutation]
  8316 | D:8      | Gained mutation: You are somewhat resistant to further
                  | mutation. [potion of mutation]
  8342 | D:8      | Reached skill level 7 in Conjurations
  8686 | D:8      | Noticed a two-headed ogre
  8720 | D:8      | Killed a two-headed ogre
  8721 | D:8      | Reached skill level 8 in Conjurations
  8813 | D:8      | Offered knowledge of Static Discharge by Vehumet.
  8824 | D:8      | Learned a level 2 spell: Static Discharge
  9737 | D:9      | Noticed a manticore
  9761 | D:9      | Found a flagged portal.
  9841 | Bailey   | Entered a bailey
 10174 | Bailey   | Reached skill level 1 in Air Magic
 10217 | Bailey   | Reached *** piety under Vehumet
 10826 | Bailey   | Noticed an orc knight
 10879 | Bailey   | Killed an orc knight
 10880 | Bailey   | Reached skill level 1 in Poison Magic
 10880 | Bailey   | Reached skill level 1 in Evocations
 10880 | Bailey   | Reached XP level 10. HP: 75/77 MP: 13/19
 11063 | D:9      | Noticed a two-headed ogre
 11092 | D:9      | Killed a two-headed ogre
 11113 | D:9      | Offered knowledge of Flame Wave by Vehumet.
 11536 | D:9      | Found an iron altar of Okawaru.
 11556 | D:9      | Found a stormy altar of Qazlal.
 11556 | D:9      | Found a burning altar of Makhleb.
 11742 | D:9      | Noticed a two-headed ogre
 11746 | D:9      | Killed a manticore
 11747 | D:9      | Reached skill level 9 in Conjurations
 11850 | D:10     | Entered Level 10 of the Dungeon
 12112 | D:10     | Reached **** piety under Vehumet
 12394 | D:10     | Offered knowledge of Iskenderun's Mystic Blast by Vehumet.
 12400 | D:10     | Learned a level 4 spell: Iskenderun's Mystic Blast
 12663 | D:10     | Reached skill level 1 in Translocations
 13111 | D:10     | Found a staircase to the Lair.
 13159 | Lair:1   | Entered Level 1 of the Lair of Beasts
 13167 | D:10     | Learned a level 4 spell: Ice Form
 13197 | D:10     | Mangled by a polar bear

Illustrated notes

Levels and vault maps discovered:
D:1:      shiori_arrival_whats_in_store_for_you, layout_basic
D:2:      layout_loops_ring
D:3:      layout_basic, vehumet_statue, shapermc_ecumenical_altar_ellora
D:4:      layout_loops_corners, nicolae_overflow_hidden_temple,
          nicolae_gozag_cash_rules_everything_around_me,
          minmay_temple_entry_mist, nrook_mini_vaults, corexii_hall_statues_x,
          corexii_leaking_fountain, feat_on_display
D:5:      layout_rooms, mainiacjoe_overflow_six_doors_small,
          chequers_temple_overflow_minitemple, nrook_uturn, nicolae_eternal_life
D:6:      layout_basic, riverfiend_overflow_shadow_ancestor, led_sif_pool,
          dreamdust_princess_bridge
D:7:      layout_loops_ring, serial_shops, shop,
          eino_small_chamber_without_monster, st_stairs_3
D:8:      nicolae_cairo_tiling_large_dashed, layout_rooms, uniq_grum
D:9:      layout_rooms, grunt_temple_overflow_open, enter_bailey_7, minivault_13
D:10:     layout_basic, due_lair_maze_entry_diamond, david_orc_1_choice,
          kb_lookout_dungeons_type
Lair:1:   layout_misc_corridors

Skill      XL: |  1  2  3  4  5  6  7  8  9 10 |
---------------+-------------------------------+-----
Dodging        | 2 3 |  3.3
Fighting       | 2 3 |  3.2
Transmutations | 3 4 5 6 7 |  7.6
Spellcasting   | 3 4 5 6 7 |  7.2
Unarmed Combat | 4 |  4.2
Conjurations   | 3 6 8 9 |  9.8
Air Magic      | 1 4 |  4.5
Poison Magic   | 1 2 |  2.9
Evocations     | 1 3 |  3.4
Translocations | 2 |  2.1

Action                   |  1- 3 |  4- 6 |  7- 9 | 10-12 || total
-------------------------+-------+-------+-------+-------++-------
Melee: Unarmed           |    81 |   137 |   256 |    81 ||   555
       Kick              |    12 |    14 |    21 |     6 ||    53
       Tailslap          |     9 |    11 |    15 |     6 ||    41
       Headbutt          |    12 |     9 |     7 |     7 ||    35
       Punch             |       |     2 |     3 |       ||     5
       Staff             |       |       |    15 |       ||    15
 Cast: Beastly Appendage |    29 |    12 |    16 |     8 ||    65
       Spider Form       |     2 |     6 |    21 |     3 ||    32
       Magic Dart        |       |       |    30 |    36 ||    66
       Wereblood         |       |       |     2 |     2 ||     4
       Mephitic Cloud    |       |       |     9 |    15 ||    24
       Static Discharge  |       |       |     1 |     6 ||     7
       Iskenderun's Myst |       |       |       |     6 ||     6
       Ice Form          |       |       |       |     1 ||     1
 Abil: Breathe Acid      |       |       |    21 |    10 ||    31
       End Transformatio |       |       |       |     1 ||     1
Evoke: Wand              |       |       |     5 |    13 ||    18
  Use: Scroll            |     2 |     5 |     9 |     6 ||    22
       Potion            |       |     2 |     9 |     1 ||    12
 Stab: Sleeping          |       |     1 |     2 |       ||     3
       Confused          |       |       |     2 |     1 ||     3
       Invisible         |       |       |     2 |       ||     2
Armor: Skin              |    15 |    42 |    73 |    39 ||   169
Dodge: Dodged            |    43 |    63 |   283 |    84 ||   473
